 Dungeon Crawl Stone Soup version 0.26.1-2-gb8aa6d0cf2 (webtiles) character file.

Game seed: 5921204475346468232

118955 jlumianski the Severer (level 16, -3/148 HPs)
             Began as a Palentonga Fighter on Mar 9, 2021.
             Was the Champion of Okawaru.
             Killed from afar by a shock serpent (28 damage)
             ... with a bolt of electricity
             ... on level 3 of the Snake Pit.
             The game lasted 01:52:26 (31977 turns).

jlumianski the Severer (Palentonga Fighter)        Turns: 31977, Time: 01:52:27

Health: -3/148     AC: 43    Str: 26    XL:     16   Next: 26%
Magic:  20/24      EV:  3    Int:  8    God:    Okawaru [******]
Gold:   826        SH: 19    Dex: 11    Spells: 15/15 levels left

rFire    . . .     SeeInvis +   z - +0 broad axe (elec)
rCold    + . .     Faith    .   t - +1 tower shield {reflect}
rNeg     . . .     Spirit   .   B - +1 plate armour {rPois}
rPois    +         Reflect  +   A - +2 helmet
rElec    .         Harm     .   c - +2 cloak {rPois}
rCorr    .         Rampage  .   k - +3 pair of gauntlets of War {Slay+5}
Will     +++..     Clarity  +   b - +1 barding {rC+}
Stlth    ..........             s - amulet of regeneration
HPRegen  0.74/turn              S - +4 ring of protection
MPRegen  0.19/turn              G - ring of willpower

@: lethally poisoned (-3 -> -3), studying Axes, curled up
A: large, hooves 1, rugged brown scales 3, see invisible, blink, clarity,
deformed body, strong-willed 1, roll 1, armoured tail, reflexive curl
a: Rolling Charge, Blink, Renounce Religion, Heroism, Finesse


You were on level 3 of the Snake Pit.
You worshipped Okawaru.
Okawaru was exalted by your worship.
You visited 6 branches of the dungeon, and saw 28 of its levels.

You collected 2448 gold pieces.
You spent 1622 gold pieces at shops.

Inventory:

Hand Weapons
 h - a +6 war axe of venom
 q - a +4 morningstar
 z - a +0 broad axe of electrocution (weapon)
Missiles
 g - 5 silver javelins
 l - 66 poisoned darts
 E - 20 silver boomerangs (quivered)
 Y - 3 boomerangs of dispersal
Armour
 b - a +1 barding of cold resistance (worn)
 c - a +2 cloak of poison resistance (worn)
 k - the +3 pair of gauntlets of War (worn) {Slay+5}
   (You found it on level 9 of the Dungeon)

   It affects your accuracy and damage with ranged weapons and melee attacks
   (+5).
 m - a +2 kite shield of protection
 t - a +1 tower shield of reflection (worn)
 A - a +2 helmet (worn)
 B - a +1 plate armour of poison resistance (worn)
Jewellery
 d - an uncursed amulet of the acrobat
 s - an amulet of regeneration (around neck)
 v - an uncursed ring of flight
 w - a +4 ring of evasion
 G - a ring of willpower (right hand)
 K - an uncursed ring of ice
 L - the amulet of Aqim {Faith rElec rF+ Str-3}
   (You found it on level 2 of the Snake Pit)

   [amulet of faith]

   It allows you to gain divine favour quickly.
   It affects your strength (-3).
   It protects you from fire.
   It insulates you from electricity.
 Q - an uncursed ring of resist corrosion
 S - a +4 ring of protection (left hand)
Wands
 u - a wand of enslavement (6)
 x - a wand of polymorph (8)
 y - a wand of iceblast (24)
 H - a wand of disintegration (30)
 I - a wand of flame (15)
 M - a wand of acid (27)
Scrolls
 e - a scroll of blinking
 n - 20 scrolls of remove curse
 F - 10 scrolls of teleportation
 J - a scroll of immolation
 P - 2 scrolls of fog
 U - 5 scrolls of magic mapping
 V - 6 scrolls of fear
Potions
 f - 4 potions of haste
 i - 3 potions of invisibility
 o - 5 potions of might
 p - 3 potions of flight
 r - 3 potions of cancellation
 C - 11 potions of curing
 D - 3 potions of heal wounds
 O - 3 potions of lignification
 Z - a potion of resistance
Books
 a - a manual of Axes
Miscellaneous
 j - a condenser vane
 W - a tin of tremorstones (2/2)
 X - a phantom mirror


   Skills:
 + Level 12.0 Fighting
 - Level 15.9(16.0) Axes
 + Level 1.6(10.8) Maces & Flails
 + Level 1.7 Throwing
 + Level 10.4 Armour
 + Level 4.1 Dodging
 - Level 0.3 Stealth
 + Level 10.0 Shields
 * Level 11.8 Invocations
 * Level 8.5 Evocations


You had 15 spell levels left.
You didn't know any spells.
Your spell library contained the following spells:

 Spells                   Type           Power        Failure   Level
 Freeze                   Ice            0%           100%        1
 Sting                    Tmut/Pois      0%           100%        1
 Summon Small Mammal      Summ           0%           100%        1
 Call Imp                 Summ           0%           100%        2
 Poisonous Vapours        Pois/Air       0%           100%        2
 Call Canine Familiar     Summ           0%           100%        3
 Frozen Ramparts          Ice            0%           100%        3
 Ignite Poison            Fire/Tmut/Pois 0%           100%        3
 Mephitic Cloud           Conj/Pois/Air  0%           100%        3
 Ozocubu's Armour         Ice            0%           100%        3
 Summon Guardian Golem    Hex/Summ       0%           100%        3
 Hailstorm                Conj/Ice       0%           100%        4
 Olgreb's Toxic Radiance  Pois           0%           100%        4
 Summon Ice Beast         Ice/Summ       0%           100%        4
 Summon Lightning Spire   Summ/Air       0%           100%        4


Dungeon Overview and Level Annotations

Branches:
Dungeon (15/15)            Temple (1/1) D:7            Lair (6/6) D:8
 Shoals (0/4) Lair:3        Snake (3/4) Lair:4        Slime (0/5) Lair:6
    Orc (2/2) D:12            Elf (0/3) Orc:2        Vaults (0/5) D:14
 Depths (1/5) D:15

Altars:
Gozag
Hepliaklqana
Kikubaaqudgha
Makhleb
Okawaru
Ru
Trog
Vehumet
Yredelemnul
The Shining One
Beogh
Jiyva
Lugonu

Shops:
D:6 ?!   D:7 [   D:9 =   D:14 }*(   D:15 [   Orc:1 *   Orc:2 [:!(


Innate Abilities, Weirdness & Mutations

You are completely covered in rugged brown scales. (AC +3, +7% HP)
You have supernaturally acute eyesight. (SInv)
Armour fits poorly on your strangely shaped body.
You can roll at nearby foes to attack.
You have a long armoured tail.
You curl defensively after being hit.
You have large cloven feet.
You can translocate small distances at will.
You possess an exceptional clarity of mind.
You are strong-willed. (Will+)


Message History

You resist. The shock serpent bites you! The shock serpent shocks you!
You miss the shock serpent. You kick the shock serpent!
The shock serpent is heavily wounded.
You slash the naga!
The shock serpent's electric aura discharges, shocking you!
* * * LOW HITPOINT WARNING * * *
You block the shock serpent's attack. The naga hits you but does no damage.
The naga grabs you. The naga constricts you.
The shock serpent bites you but does no damage.
Okay, then.
You closely miss the shock serpent. You kick the shock serpent!
The shock serpent is heavily wounded.
You slash the naga!
You kill the naga!
Okawaru accepts your kill.
The shock serpent's electric aura discharges, shocking you!
* * * LOW HITPOINT WARNING * * *
The shock serpent shoots out a bolt of lightning at you!
The bolt of electricity hits you!!
You die...

...... #......
...... ..###.
.##.......# .....#
. ## #.........#
....# ##........#
#...# .........##
##....#
#........####..$.#
#.........##))..##
#......(..(@S...#
###.(.......#...#
##......### ...#
##.......# ..#
#.....†..# ..#
.....<......## .#
.........#...# .
.......####..#
##...### #†##


You could see a shock serpent.

Vanquished Creatures
  Rupert (D:12)
  A nagaraja (Snake:1)
  A frost giant (D:14)
  Snorg (Lair:5)
  A fire dragon (Lair:6)
  A yaktaur captain (D:15)
  6 boulder beetles
  2 hydras
  7 naga warriors
  4 anacondas (Snake:1)
  A catoblepas (D:14)
  2 centaur warriors (D:15)
  2 ogre magi (Orc:2)
  A death knight (D:15)
  7 two-headed ogres
  Nergalle (Orc:2)
  6 death yaks (Lair:5)
  A shock serpent (Snake:3)
  2 naga sharpshooters
  2 naga ritualists (Snake:1)
  4 unseen horrors
  An orc knight (Orc:1)
  A wolf spider zombie (D:15)
  5 mana vipers
  A lindwurm (Lair:6)
  7 orc sorcerers (Orc:2)
  4 cyclopes
  5 ugly things
  5 oklob plants
  3 salamanders
  A guardian serpent (Snake:2)
  3 manticores
  Joseph (D:10)
  18 elephants
  A merfolk siren (Lair:3)
  A black mamba (shapeshifter) (D:14)
  2 molten gargoyles (Lair:6)
  7 naga magi
  30 black mambas
  Maurice (D:11)
  17 cane toads
  12 komodo dragons
  3 centaur skeletons
  A gargoyle (D:13)
  A yaktaur (D:15)
  A kobold demonologist (D:12)
  6 rime drakes
  2 tengu conjurers (D:14)
  A harpy zombie (D:15)
  8 trolls
  2 polar bears
  A queen bee (shapeshifter) (D:13)
  A tyrant leech (shapeshifter) (D:14)
  2 hornets
  Grinder (D:3)
  11 slime creatures
  22 blink frogs
  6 dream sheep (Lair:4)
  Sigmund (D:3)
  A centaur simulacrum (D:11)
  6 wyverns
  2 vampires
  3 wraiths
  A shadow (D:13)
  2 water elementals (D:14)
  40 yaks
  3 basilisks
  A golden eye (shapeshifter) (D:14)
  Menkaure (D:4)
  4 vampire mosquitoes (D:13)
  A redback simulacrum (D:15)
  4 steam dragons
  22 nagas
  A warg (Orc:2)
  3 hell hounds (Lair:6)
  7 water moccasins
  An acid dragon (D:13)
  A floating eye (Lair:1)
  13 orc warriors
  2 eyes of draining
  An ice beast (D:9)
  A swamp drake (D:12)
  A hornet zombie (D:8)
  3 black bears
  6 phantoms
  11 wolves
  4 sky beasts
  13 ogres
  6 centaurs
  2 big kobolds
  A gnoll sergeant (D:7)
  18 bullfrogs
  A wyvern zombie (D:6)
  2 wyvern skeletons
  7 scorpions
  10 killer bees
  4 wights (D:10)
  4 howler monkeys
  5 lava snakes (Lair:6)
  3 electric eels
  A bullfrog zombie (D:6)
  4 centaur zombies
  4 jellies
  18 orc priests
  8 hounds
  5 bullfrog skeletons
  Natasha (thrice) (D:2)
  5 iguanas
  35 orc wizards
  5 worker ants
  A howler monkey skeleton (D:7)
  14 adders
  12 gnolls
  A shadow imp (D:7)
  5 white imps
  An ooze (D:4)
  2 adder zombies
  A worm (D:3)
  3 dart slugs
  3 leopard geckos
  96 orcs
  2 ball pythons
  2 giant cockroaches
  9 goblins
  8 hobgoblins
  12 jackals
  16 kobolds
  6 quokkas
  9 bats
  8 frilled lizards
  9 rats
780 creatures vanquished.

Vanquished Creatures (others)
  A naga ritualist (Snake:2)
  A naga mage (Snake:2)
  An orc wizard (Orc:2)
  2 orcs (D:12)
  43 fungi
  44 plants
92 creatures vanquished.

Grand Total: 872 creatures vanquished

Notes
Turn   | Place    | Note
-------+----------+-------------------------------------------
     0 | D:1      | jlumianski the Palentonga Fighter began the quest for the
                  | Orb.
     0 | D:1      | Reached XP level 1. HP: 20/20 MP: 1/1
   101 | D:1      | Reached XP level 2. HP: 4/27 MP: 2/2
   364 | D:1      | Reached XP level 3. HP: 13/33 MP: 3/3
  1079 | D:2      | Found a faded altar of an unknown god.
  1210 | D:2      | Noticed Natasha
  1225 | D:2      | Killed Natasha
  1226 | D:2      | Reached XP level 4. HP: 14/40 MP: 4/4
  1266 | D:2      | Reached skill level 1 in Dodging
  1578 | D:2      | Gained mutation: You have large cloven feet. [potion of
                  | mutation]
  1578 | D:2      | Gained mutation: You are strong-willed. (Will+) [potion of
                  | mutation]
  1578 | D:2      | Gained mutation: You possess an exceptional clarity of
                  | mind. [potion of mutation]
  1578 | D:2      | Gained mutation: You can translocate small distances at
                  | will. [potion of mutation]
  1692 | D:2      | Noticed Natasha
  1700 | D:2      | Killed Natasha
  1701 | D:2      | Reached skill level 3 in Axes
  1976 | D:2      | Noticed Natasha
  1978 | D:2      | Killed Natasha
  1979 | D:2      | Reached XP level 5. HP: 48/48 MP: 5/5
  2140 | D:3      | Noticed Sigmund
  2149 | D:3      | Killed Sigmund
  2150 | D:3      | Reached skill level 4 in Axes
  2150 | D:3      | Reached XP level 6. HP: 52/55 MP: 6/6
  3267 | D:3      | Gained mutation: You curl defensively after being hit.
                  | [Palentonga growth]
  3267 | D:3      | Reached XP level 7. HP: 49/62 MP: 7/7
  3344 | D:3      | Reached skill level 5 in Axes
  3732 | D:3      | Noticed Grinder
  3748 | D:3      | Killed Grinder
  3994 | D:3      | Reached skill level 6 in Axes
  3994 | D:3      | Reached XP level 8. HP: 67/70 MP: 8/8
  4513 | D:5      | Entered Level 5 of the Dungeon
  4856 | D:5      | Noticed Menkaure
  4860 | D:4      | Killed Menkaure
  4866 | D:4      | Reached skill level 5 in Armour
  4941 | D:4      | Reached skill level 7 in Axes
  5830 | D:5      | Reached skill level 5 in Fighting
  5880 | D:5      | Reached XP level 9. HP: 79/79 MP: 9/9
  6121 | D:5      | Found a bloodstained altar of Trog.
  6281 | D:6      | Found Gifo's Distillery.
  6397 | D:6      | Bought a potion of heal wounds for 65 gold pieces
  6488 | D:6      | Found Ydyleu's Magic Scroll Shop.
  6511 | D:6      | Bought a scroll of enchant weapon for 75 gold pieces
  6511 | D:6      | Bought a scroll of enchant weapon for 75 gold pieces
  6558 | D:6      | Found a burning altar of Makhleb.
  6871 | D:7      | Reached skill level 8 in Axes
  7031 | D:7      | Found a staircase to the Ecumenical Temple.
  7072 | Temple   | Entered the Ecumenical Temple
  7085 | Temple   | Became a worshipper of Warmaster Okawaru
  7140 | D:7      | Found an opulent altar of Gozag.
  7305 | D:7      | Found Goffuesa's Armour Shoppe.
  7308 | D:7      | Bought a +0 pair of gloves for 67 gold pieces
  7406 | D:7      | Found a bloodstained altar of Trog.
  8299 | D:8      | Reached skill level 9 in Axes
  8472 | D:8      | You fall into a shaft and drop 3 floors!
  8519 | D:11     | Noticed Maurice
  8531 | D:11     | Noticed a komodo dragon
  8533 | D:11     | Killed Maurice
  8534 | D:11     | Reached skill level 5 in Shields
  8546 | D:11     | Killed a komodo dragon
  8546 | D:11     | Reached * piety under Okawaru
  8811 | D:10     | Entered Level 10 of the Dungeon
  9254 | D:8      | Found a staircase to the Lair.
  9324 | D:9      | Noticed a troll
  9383 | D:8      | Reached XP level 10. HP: 49/88 MP: 10/10
 10019 | D:7      | Reached skill level 1 in Throwing
 10724 | D:9      | Reached skill level 10 in Axes
 10785 | D:9      | Reached ** piety under Okawaru
 10790 | D:9      | Reached skill level 1 in Invocations
 11109 | D:9      | Noticed a two-headed ogre
 11110 | D:9      | Found the +3 pair of gauntlets of War {Slay+5}
 11117 | D:9      | Killed a two-headed ogre
 11125 | D:9      | Found Kuoz's Jewellery Shoppe.
 11849 | D:10     | Noticed Joseph
 11938 | D:10     | Reached *** piety under Okawaru
 11955 | D:10     | Reached skill level 11 in Axes
 12021 | D:11     | Reached XP level 11. HP: 38/97 MP: 13/13
 12034 | D:10     | HP: 4/97 [poisoned by an orc warrior]
 12040 | D:10     | HP: 3/97 [poisoned by an orc warrior]
 12047 | D:10     | HP: 3/97 [poisoned by an orc warrior]
 12055 | D:10     | HP: 3/97 [poisoned by an orc warrior]
 12481 | D:10     | Killed Joseph
 12655 | D:10     | Noticed a two-headed ogre
 12660 | D:10     | Killed a two-headed ogre
 12969 | D:10     | Reached **** piety under Okawaru
 13440 | D:11     | Noticed a cyan ugly thing
 13441 | D:11     | Noticed a brown ugly thing
 13509 | D:11     | Noticed a two-headed ogre
 13517 | D:11     | Killed a two-headed ogre
 13861 | D:12     | Noticed an unseen horror
 13871 | D:12     | Killed an unseen horror
 13871 | D:12     | Reached ***** piety under Okawaru
 13872 | D:12     | Reached skill level 12 in Axes
 13896 | D:11     | Killed a white ugly thing
 13897 | D:11     | Reached skill level 5 in Invocations
 13905 | D:11     | Killed a purple ugly thing
 14266 | D:11     | Noticed an unseen horror
 14269 | D:11     | Killed an unseen horror
 14528 | D:12     | Reached XP level 12. HP: 108/108 MP: 16/16
 14617 | D:11     | Received a gift from Okawaru
 15204 | D:12     | Reached skill level 13 in Axes
 15250 | D:12     | Found a staircase to the Orcish Mines.
 15260 | D:12     | Reached ****** piety under Okawaru
 15566 | D:13     | Noticed Rupert
 15583 | D:12     | Killed Rupert
 15584 | D:12     | Reached skill level 1 in Evocations
 15678 | Lair:1   | Entered Level 1 of the Lair of Beasts
 15972 | D:13     | Noticed an eight-headed hydra
 15994 | D:13     | Killed an eight-headed hydra
 16003 | D:13     | Received a gift from Okawaru
 16024 | D:13     | Got a bone hand axe {god gift}
 16025 | D:13     | Identified the +0 hand axe of the Reaper {venom, rPois rN+
                  | Dex+3} (Okawaru gifted it to you on level 13 of the
                  | Dungeon)
 16125 | D:13     | Noticed a boulder beetle
 16137 | D:13     | Killed a boulder beetle
 16237 | D:14     | Reached skill level 1 in Maces & Flails
 16712 | D:13     | Noticed a boulder beetle
 16717 | D:13     | Noticed a two-headed ogre
 16721 | D:13     | Killed a boulder beetle
 16727 | D:13     | Reached XP level 13. HP: 115/115 MP: 18/18
 16739 | D:13     | Received a gift from Okawaru
 16962 | D:14     | Noticed a bunyip
 16963 | D:14     | Found a gate to the Vaults.
 16965 | D:14     | a bunyip changed into a tyrant leech
 16977 | D:14     | Found Guangavu's Gadget Shop.
 17034 | D:15     | Entered Level 15 of the Dungeon
 17119 | D:14     | Found Hiffius's Assorted Antiques.
 17125 | D:14     | Bought a scroll of enchant weapon for 240 gold pieces
 17125 | D:14     | Bought a scroll of enchant weapon for 240 gold pieces
 17190 | D:14     | Reached skill level 14 in Axes
 17877 | D:14     | Found Kuseur's Antique Weapon Boutique.
 19090 | D:15     | Found a corrupted altar of Lugonu.
 19159 | D:15     | Found Xovin's Armour Shoppe.
 19297 | D:15     | Found a staircase to the Depths.
 19309 | Depths:1 | Entered Level 1 of the Depths
 19309 | Depths:1 | Noticed a frost giant
 19309 | Depths:1 | Noticed a stone giant
 19633 | D:14     | Killed a frost giant
 19643 | D:15     | Received a gift from Okawaru
 19644 | D:15     | Reached skill level 5 in Evocations
 20170 | Orc:1    | Entered Level 1 of the Orcish Mines
 20300 | Orc:1    | Found Omep's Assorted Antiques.
 20688 | Orc:2    | Entered Level 2 of the Orcish Mines
 20705 | Orc:1    | Reached XP level 14. HP: 126/126 MP: 20/20
 20721 | Orc:2    | Received a gift from Okawaru
 20885 | Orc:2    | Found a staircase to the Elven Halls.
 21180 | Orc:2    | Found Elejum's Antique Weapon Emporium.
 21231 | Orc:2    | Bought a scythe for 72 gold pieces
 21231 | Orc:2    | Bought an ichor-stained morningstar for 216 gold pieces
 21231 | Orc:2    | Identified the +5 morningstar of Bulam {pain, *Drain rPois
                  | rF+ Str+6} (You bought it in a shop on level 2 of the
                  | Orcish Mines)
 21246 | Orc:2    | Found an ancient bone altar of Kikubaaqudgha.
 21246 | Orc:2    | Noticed Nergalle
 21259 | Orc:2    | Killed Nergalle
 21265 | Orc:2    | Found Laegg's Book Shoppe.
 21282 | Orc:2    | Found a radiant altar of Vehumet.
 21287 | Orc:2    | Paralysed by an orc sorcerer for 7 turns
 21398 | Orc:2    | Found a roughly hewn altar of Beogh.
 21398 | Orc:2    | Found Ughiap's Antique Armour Emporium.
 21418 | Orc:2    | Reached skill level 15 in Axes
 21448 | Orc:2    | Bought a runed plate armour for 442 gold pieces
 21489 | Orc:2    | Found Oma Urch's Distillery.
 21496 | Orc:2    | Bought 2 potions of heal wounds for 130 gold pieces
 22231 | Lair:1   | Paralysed by a floating eye for 2 turns
 22241 | Lair:1   | Paralysed by a floating eye for 3 turns
 22249 | Lair:1   | Paralysed by a floating eye for 3 turns
 23962 | Lair:2   | Received a gift from Okawaru
 24115 | D:8      | Identified a scroll of acquirement
 24115 | D:8      | Acquired a manual of Axes
 24230 | Lair:3   | Reached skill level 10 in Fighting
 24230 | Lair:3   | Reached skill level 10 in Invocations
 24591 | Lair:3   | Found a staircase to the Shoals.
 24859 | Lair:4   | Found a hazy altar of Hepliaklqana.
 25183 | Lair:4   | Found a staircase to the Snake Pit.
 25188 | Lair:4   | Received a gift from Okawaru
 25424 | Lair:5   | Received a gift from Okawaru
 25608 | Lair:5   | Noticed Snorg
 25614 | Lair:5   | Killed Snorg
 26372 | Lair:5   | Received a gift from Okawaru
 26384 | Lair:5   | Reached XP level 15. HP: 109/136 MP: 19/22
 27217 | Lair:6   | Entered Level 6 of the Lair of Beasts
 27387 | Lair:6   | Received a gift from Okawaru
 27633 | Lair:6   | Found a staircase to the Slime Pits.
 27634 | Lair:6   | Found a viscous altar of Jiyva.
 27767 | Lair:6   | Found a basalt altar of Yredelemnul.
 28173 | Lair:6   | Found a large runed translucent door.
 28247 | Lair:6   | Found a large runed translucent door.
 29520 | Snake:1  | Entered Level 1 of the Snake Pit
 29542 | Snake:1  | Received a gift from Okawaru
 29543 | Snake:1  | Reached skill level 10 in Armour
 30503 | Snake:1  | Noticed a nagaraja
 30515 | Snake:1  | Killed a nagaraja
 30544 | Snake:1  | Reached XP level 16. HP: 97/148 MP: 24/24
 31461 | Snake:2  | Got a faintly glowing ruby amulet
 31470 | Snake:2  | Identified the amulet of Aqim {Faith rElec rF+ Str-3} (You
                  | found it on level 2 of the Snake Pit)
 31931 | Snake:3  | Received a gift from Okawaru
 31957 | Snake:3  | Reached skill level 10 in Shields
 31977 | Snake:3  | Killed from afar by a shock serpent

Illustrated notes

Levels and vault maps discovered:
D:1:      saegor_arrival_simple_c, layout_rooms, minmay_misc_feat_tiny,
          minmay_tromino_i4
D:2:      layout_basic, chequers_ecumenical_altar_island, uniq_natasha
D:3:      cheibrodos_thug_alley, layout_basic, item_on_display_a, uniq_sigmund,
          uniq_grinder
D:4:      layout_basic
D:5:      layout_cave_pools, lightli_temple_of_fire, uniq_menkaure
D:6:      layout_rooms, serial_shops, shop_statue, shop,
          chequers_serial_rivers_micro_b, lemuel_altar_in_water
D:7:      layout_layer_cave, temple_pool_b, basic_altar, serial_shops,
          nicolae_shop_window_shopping, david_defended_altar_orc
D:8:      layout_basic, lair_entry_dummy
D:9:      layout_small_grid, serial_shops, shop, small_chamber_with_monster
D:10:     layout_loops_ring, serial_co_window_serial, co_window_paths_a,
          co_window_paths_a, co_window_of_opportunity_a, co_window_paths_a,
          co_window_of_opportunity_a, co_window_unsneaky_path_b,
          co_window_broadway_c, co_window_of_opportunity_c,
          co_window_unsneaky_path_e, co_window_corner_ca,
          co_window_unsneaky_path_c, co_window_paths_d, glass_columns_c,
          glass_columns_b, glass_columns_a, glass_columns_a, st_stairs_7,
          uniq_joseph
D:11:     layout_loops_ring, due_unseen_surprise, uniq_maurice
D:12:     layout_loops_ring, erik_orc_1, st_stairs_14, nicolae_two_hexagons
D:13:     layout_loops_ring, kennysheep_generic_room_2, uniq_rupert
D:14:     layout_loops_corners, david_vaults_2, serial_shops,
          nicolae_shop_stone, shop, shop, kennysheep_boxes
D:15:     grunt_enter_depths_snipers, layout_rooms, grunt_decor_resistance,
          serial_shops, shop_fountains, tgw_lugonu_bribe
Temple:   compressed_dpeg_circular_temple
Lair:1:   wander_river, layout_gridlike, disabler_island
Lair:2:   layout_concentric_octagons
Lair:3:   layout_gridlike, minmay_shoals_entry_lonely_mermaid
Lair:4:   layout_roguey, minmay_snake_entry_guardpost_small, basic_altar
Lair:5:   layout_loops_ring, uniq_snorg
Lair:6:   cheibrodos_lair_end_hotspot, layout_regular_city, slime_altar_1,
          basic_altar, chequers_serial_rivers_micro_e
Snake:1:  nicolae_snake_hallway, layout_grid_shapes, lemuel_fruit_tree
Snake:2:  layout_grid_shapes
Snake:3:  layout_layer_cave, basic_altar, minmay_shoptagon
Orc:1:    layout_caves, serial_shops, shop_statue
Orc:2:    kennysheep_orc_mage_school, layout_caves
Depths:1: layout_cave_shapes, enter_ziggurat_b, minmay_room_of_horrors,
          hell_entry, grunt_ministairs_9, drop_trap, minmay_door_square,
          pandoras_box_mu, uniq_asterion

Skill      XL: |  1  2  3  4  5  6  7  8  9 10 11 12 13 14 15 16 |
---------------+-------------------------------------------------+-----
Armour         | 3 4 5 6 7 8 9 10 | 10.4
Dodging        | 1 2 3 4 |  4.1
Axes           | 3 4 6 7 9 11 12 13 14 15 | 15.9
Shields        | 3 4 5 6 7 8 9 10 | 10.0
Fighting       | 4 5 6 7 8 9 10 11 12 | 12.0
Throwing       | 1 |  1.7
Invocations    | 3 5 7 9 10 11 | 11.8
Evocations     | 3 5 6 8 |  8.5
Maces & Flails | 1 |  1.6
Stealth        | |  0.3

Action                   |  1- 3 |  4- 6 |  7- 9 | 10-12 | 13-15 | 16-18 || total
-------------------------+-------+-------+-------+-------+-------+-------++-------
Melee: War axe           |    71 |   153 |   316 |   473 |   932 |   109 ||  2054
       Tailslap          |     3 |    17 |    35 |    87 |   183 |    30 ||   355
       Kick              |       |    33 |    79 |   175 |   371 |    43 ||   701
       Hand axe          |       |       |    12 |    44 |       |       ||    56
       Morningstar       |       |       |       |     5 |     4 |       ||     9
       Broad axe         |       |       |       |       |       |    14 ||    14
Throw: Stone             |     3 |       |       |     1 |       |       ||     4
       Javelin           |       |     4 |     8 |     5 |       |       ||    17
       Boomerang         |       |       |       |     8 |    10 |       ||    18
Invok: Heroism           |       |       |       |     4 |     7 |       ||    11
       Finesse           |       |       |       |     1 |     3 |       ||     4
 Abil: Rolling Charge    |     9 |    28 |    45 |    50 |    64 |    11 ||   207
Evoke: Wand              |       |       |       |     5 |       |       ||     5
       Condenser vane    |       |       |       |       |     1 |       ||     1
  Use: Potion            |     1 |     3 |     9 |     3 |     2 |       ||    18
       Scroll            |       |     2 |    15 |     8 |    13 |     1 ||    39
 Stab: Invisible         |       |       |     1 |       |       |       ||     1
       Confused          |       |       |       |     1 |       |       ||     1
Armor: Scale mail        |    61 |    70 |    51 |       |       |       ||   182
       Skin              |       |     3 |       |       |       |       ||     3
       Chain mail        |       |       |    82 |    47 |    93 |       ||   222
       Plate armour      |       |       |       |    99 |   378 |    55 ||   532
Dodge: Dodged            |    24 |    41 |   115 |   156 |   371 |     9 ||   716
Block: Kite shield       |    47 |    79 |   174 |   209 |   341 |       ||   850
       Buckler           |       |       |       |       |    80 |       ||    80
       Tower shield      |       |       |       |       |   114 |   121 ||   235
       Reflection        |       |       |       |       |    16 |    11 ||    27
